 Dungeon Crawl Stone Soup version 0.16-b1 (webtiles) character file.

604 dysrexia the Skirmisher (level 7, -26/53 HPs)
             Began as an Octopode Abyssal Knight on Mar 14, 2015.
             Was a Believer of Lugonu.
             Annihilated by an ogre
             ... wielding a +0 giant club
              (32 damage)
             ... on level 4 of the Dungeon.
             The game lasted 00:18:11 (4292 turns).

dysrexia the Skirmisher (Octopode Abyssal Knight)   Turns: 4292, Time: 00:18:11

Health: -26/53     AC:  1    Str: 11    XL:     7   Next: 42%
Magic:  9/9        EV: 12    Int: 15    God:    Lugonu [**....]
Gold:   221        SH:  0    Dex: 13    Spells: 0 memorised, 6 levels left

rFire  . . .     SeeInvis .     r - +0 blowgun
rCold  . . .     Clarity  .     (no shield)
rNeg   . . .     SustAb   .     (helmet restricted)
rPois  .         Gourm    .     k - amulet "Preozuan" {rMut rElec}
rElec  +         Spirit   .     (no ring)
rCorr  .         Warding  .     (no ring)
rMut   +         Stasis   .     (no ring)
MR     .....                    (no ring)
Stlth  ++........               (no ring)
                                (no ring)
                                (no ring)
                                (no ring)

@: not resistant to hostile enchantments, unstealthy
A: almost no armour, amphibious, 8 rings, constrict 8, camouflage 1, gelatinous
body 1
a: Depart the Abyss, Bend Space, Renounce Religion


You were on level 4 of the Dungeon.
You worshipped Lugonu.
Lugonu was pleased with you.
You were not hungry.

You visited 1 branch of the dungeon, and saw 4 of its levels.
You visited the Abyss 1 time.
You also visited: Sewer.

You collected 221 gold pieces.

Inventory:

Hand weapons
 a - a +2 falchion
 r - a +0 blowgun (weapon)
Missiles
 m - 52 stones
 q - 38 poisoned needles (quivered)
Jewellery
 j - an uncursed amulet of clarity
 k - the amulet "Preozuan" (around mantle) {rMut rElec}
   (You found it on level 4 of the Dungeon)

   [amulet of resist mutation]

   It protects you from mutation.
   It insulates you from electricity.
Magical devices
 v - a wand of random effects (4)
Scrolls
 d - a scroll of enchant weapon
 e - 2 scrolls of amnesia
 p - a scroll of blinking
 s - 2 scrolls of teleportation
 u - a scroll of fog
 x - a scroll of recharging
 y - a scroll of remove curse
Potions
 b - a potion of brilliance
 f - a potion of agility
 g - 2 potions of might
 l - 3 potions of heal wounds
 n - 2 potions of cancellation {unknown}
 o - a potion of magic {unknown}
 t - a potion of flight {unknown}
 w - 2 potions of curing
 z - 2 potions of ambrosia
Comestibles
 c - 3 bread rations
 h - 2 meat rations
 i - 2 fruits


   Skills:
 + Level 6.8 Fighting
 - Level 5.1 Long Blades
 - Level 2.3 Dodging
 - Level 2.0 Invocations


You had 6 spell levels left.
You didn't know any spells.

Dungeon Overview and Level Annotations

Branches:
Dungeon (4/15)
 Temple: D:4-7

Altars:
Elyvilon
Qazlal

Annotations:
D:4 Pikel


Innate Abilities, Weirdness & Mutations

You cannot wear most types of armour.
You are amphibious.
You can wear up to eight rings at the same time.
You can use your tentacles to constrict many enemies at once.
Your skin changes colour to match your surroundings (Stealth).
Your rubbery body absorbs attacks (AC +1).


Message History

The black bear claws you. x2
You barely miss the black bear.
The black bear is almost dead.
You constrict the black bear. The black bear bites you.
The black bear barely misses you. The black bear claws you.
The black bear bites you. The black bear claws you.
* * * LOW HITPOINT WARNING * * *
The black bear claws you.
* * * LOW HITPOINT WARNING * * *
You slash the black bear!
You kill the black bear!
Lugonu accepts your kill.
Wield which item (- for none, * to show all)? (? for menu, Esc to quit)
r - a +0 blowgun (weapon)
A slave comes into view.
The slave hits you!
* * * LOW HITPOINT WARNING * * *
The ogre hits you with a giant club!!
Ouch! That really hurt!
You die...

. #.# #. #.### #.
#... #. #..# ##.#
#..#
#.##...###..#####
#pK..#..........#
#.........p@.#
##.#.......O.#
#.........#######
#...............#
#.........#####.#
#.........# #.#
#.........# #.#
#.........# #.#
########### #.#


You could see an ogre and a slave.

Vanquished Creatures
  Grinder (D:4)
  A black bear (D:4)
  2 slaves (D:3)
  A big kobold (Sewer)
  A hound skeleton (D:4)
  3 river rats (Sewer)
  7 adders
  2 giant mites (D:3)
  2 worms
  An ooze (Sewer)
  10 orcs
  3 ball pythons (Sewer)
  6 giant cockroaches
  6 goblins
  10 hobgoblins
  2 jackals (D:1)
  15 kobolds
  A quokka (D:3)
  7 bats
  3 giant geckos (D:3)
  2 giant newts
  11 rats
97 creatures vanquished.

Notes
Turn   | Place    | Note
--------------------------------------------------------------
     0 | Abyss:1  | dysrexia, the Octopode Abyssal Knight, began the quest for the Orb.
     0 | Abyss:1  | Reached XP level 1. HP: 16/16 MP: 1/1
    51 | Abyss:1  | Noticed an ancient zyme
    96 | Abyss:1  | Noticed a raiju
    97 | D:1      | Escaped the Abyss
   136 | D:1      | Acquired Lugonu's first power
   232 | D:1      | Reached XP level 2. HP: 21/21 MP: 2/2
   886 | D:2      | Reached XP level 3. HP: 26/26 MP: 3/3
  1013 | D:2      | Found a stormy altar of Qazlal.
  1259 | D:2      | Reached skill level 4 in Long Blades
  1511 | D:3      | Reached XP level 4. HP: 29/31 MP: 5/5
  1524 | D:3      | Acquired Lugonu's second power
  1703 | D:3      | Found a glowing drain.
  1756 | Sewer    | Entered a sewer
  1926 | Sewer    | Reached skill level 5 in Long Blades
  1926 | Sewer    | Reached XP level 5. HP: 25/36 MP: 6/6
  2115 | Sewer    | Noticed a big kobold
  2124 | Sewer    | Killed a big kobold
  2568 | Sewer    | Reached XP level 6. HP: 39/43 MP: 7/7
  3261 | D:4      | Noticed Pikel
  3918 | D:4      | Noticed Grinder
  3927 | D:4      | Killed Grinder
  3927 | D:4      | Reached skill level 6 in Fighting
  3927 | D:4      | Reached XP level 7. HP: 35/52 MP: 9/9
  3954 | D:4      | Got a smoking copper amulet
  3986 | D:4      | Identified the amulet "Preozuan" {rMut rElec} (You found it on level 4 of the Dungeon)
  4224 | D:4      | Found a white marble altar of Elyvilon.
  4292 | D:4      | Annihilated by an ogre

Action                   |  1- 3 |  4- 6 |  7- 9 || total
-------------------------+-------+-------+-------++-------
Melee: Falchion          |    72 |   118 |    17 ||   207
 Fire: Blowgun           |       |    11 |       ||    11
Throw: Stone             |     3 |    10 |       ||    13
Invok: Depart the Abyss  |     1 |       |       ||     1
  Use: Scroll            |     7 |     8 |       ||    15
       Potion            |     1 |     1 |       ||     2
 Stab: Sleeping          |     2 |       |       ||     2
  Eat: Chunk             |     2 |     6 |     1 ||     9
       Beef jerky        |       |     1 |       ||     1
